[Event "Titled Tuesday Blitz March 08 Early 2022"]
[White "Rottenwohrer Suarez, Juan"]
[Black "Nguyen, Thien Ngan"]
[WhiteFideId "32068182"]
[BlackFideId "12414816"]
[WhiteElo "2158"]
[BlackElo "1917"]
[Result "1/2-1/2"]
[Round "05"]
[TimeControl "180+1"]
[Date "2022.03.09"]
[WhiteClock "0:00:11"]
[BlackClock "0:00:10"]

1. d4 d5 2. c4 e6 3. Nc3 Nf6 4. cxd5 Nxd5 5. Bg5 Qxg5 6. Nf3 Qd8 7. e4 Nxc3 8. bxc3 c5 9. Bb5+ Bd7 10. Bxd7+ Nxd7 11. O-O Bd6 12. Rb1 b6 13. e5 Be7 14. Re1 O-O 15. d5 exd5 16. Qxd5 Qc7 17. e6 Nf6 18. exf7+ Kh8 19. Qf5 Bd6 20. Ng5 Bxh2+ 21. Kh1 Qf4 22. Qxf4 Bxf4 23. Ne6 Bd2 24. Nxf8 Rxf8 25. Re7 Bxc3 26. Rb3 Bd4 27. Rxa7 h6 28. f3 Nd5 29. Rd7 Nb4 30. Rxb4 cxb4 31. Rxd4 Rxf7 32. Rxb4 Ra7 33. Rxb6 Rxa2 34. Kh2 Kh7 35. Kg3 Ra4 36. Rc6 Rd4 37. Rb6 h5 38. Rc6 g6 39. Rb6 Kh6 40. Rc6 Rd5 41. Rb6 Kg5 42. Rc6 h4+ 43. Kh3 Kh5 44. Rb6 Rd3 45. Rc6 g5 46. Rc5 Rd1 47. Kh2 Rf1 48. Rb5 Kg6 49. Rc5 Rd1 50. Rb5 Rd4 51. Rc5 Rf4 52. Rb5 Rf6 53. Rc5 Kh5 54. Rb5 Rf4 55. Rc5 Rd4 56. Rb5 Rf4 57. Rc5 Rd4 58. Rc8 Rb4 59. Rh8+ Kg6 60. Rg8+ Kh6 61. Rf8 Ra4 62. Rb8 Kh5 63. Kh3 Rc4 64. Rh8+ Kg6 65. Rd8 Kh5 66. Rd7 Kg6 67. Rd6+ Kh5 68. Rb6 Rc1 69. Kh2 Rc4 70. Rb8 Rc1 71. Rb2 Rc5 72. Rb3 Rc4 73. Rd3 Rf4 74. Re3 Rf5 75. Re8 Ra5 76. Kh3 Ra4 77. Rh8+ Kg6 78. Rg8+ Kh6 79. Kh2 Kh5 80. Rg7 Kh6 81. Rc7 Rb4 82. Rc6+ Kh5 83. Rc5 Ra4 84. Rc8 Rb4 85. Rh8+ Kg6 86. Kh3 Ra4 87. Rb8 Kh5 88. Rb5 Rc4 89. Rb8 Ra4 90. Rb7 Kg6 91. Rc7 Kh5 92. Rh7+ Kg6 93. Rb7 Rc4 94. Rb5 Kh5 95. g3 hxg3 96. Kxg3 Rf4 97. Rb6 Ra4 98. Rc6 Ra1 99. Rc8 Rg1+ 100. Kf2 Rb1 101. Rh8+ Kg6 102. Rg8+ Kf6 103. Rc8 Kg6 104. Kg3 Rb4 105. Rc6+ Kh5 106. Rd6 Rc4 107. Rd5 Rb4 108. Re5 Rc4 109. Rb5 Rd4 110. Rb1 Ra4 111. Rh1+ Kg6 112. Rg1 Ra3 113. Rd1 Ra4 114. Rc1 Kh5 115. Rc8 Rb4 116. Rd8 1/2-1/2


[Site "https://www.chess.com"]

[Event "Titled Tuesday Blitz March 08 Early 2022"]
[White "Sahil, Tickoo"]
[Black "De Souza, Cristiano Gomes"]
[WhiteFideId "5019710"]
[BlackFideId "2151758"]
[WhiteElo "2099"]
[BlackElo "2068"]
[Result "0-1"]
[Round "05"]
[TimeControl "180+1"]
[Date "2022.03.09"]
[WhiteClock "0:00:06"]
[BlackClock "0:01:18"]

1. d4 Nf6 2. c4 g6 3. Nc3 Bg7 4. e4 d6 5. f3 O-O 6. Be3 Nc6 7. Nge2 a6 8. Ng3 Rb8 9. Qd2 e5 10. d5 Nd4 11. Nge2 Nxe2 12. Bxe2 Ne8 13. O-O f5 14. Rac1 f4 15. Bf2 g5 16. c5 Rf6 17. g4 fxg3 18. hxg3 Rg6 19. Kg2 g4 20. f4 exf4 21. gxf4 g3 22. Be3 Rh6 23. Rh1 Rh2+ 24. Rxh2 gxh2 25. Kh1 Qh4 26. Bf3 Nf6 27. Qxh2 Qxh2+ 28. Kxh2 Ng4+ 29. Bxg4 Bxg4 30. Rg1 h5 31. Kg3 Re8 32. Rg2 Bxc3 33. bxc3 Rxe4 34. Bd4 dxc5 35. Be5 Kf7 36. Bxc7 Re3+ 37. Kh4 Kg6 38. Rh2 Rxc3 39. d6 Rd3 40. a4 b5 41. axb5 axb5 42. Bb6 c4 43. Bc5 Kf5 44. d7 Kxf4 45. Rf2+ Ke5 46. Rf7 Rxd7 47. Rxd7 Bxd7 48. Kxh5 Ke4 49. Kh4 Kd3 50. Kg3 c3 51. Kf4 c2 52. Ba3 Kd2 53. Ke4 c1=Q 54. Bxc1+ Kxc1 55. Kd4 Kb2 56. Kc5 Ka3 57. Kd4 b4 58. Kd3 b3 59. Kd2 b2 60. Kc3 b1=Q 61. Kd4 Qf5 62. Kc3 Bb5 63. Kd4 Kb4 64. Ke3 Bc6 65. Kd4 Qe4# 0-1


[Site "https://www.chess.com"]

[Event "Titled Tuesday Blitz March 08 Early 2022"]
[White "Sailer, Mike"]
[Black "Fernandez Siles, Luis"]
[WhiteFideId "2012901"]
[BlackFideId "2209420"]
[WhiteElo "2109"]
[BlackElo "2212"]
[Result "0-1"]
[Round "05"]
[TimeControl "180+1"]
[Date "2022.03.09"]
[WhiteClock "0:00:35"]
[BlackClock "0:00:38"]

1. d4 Nf6 2. Nf3 g6 3. Bf4 Bg7 4. e3 O-O 5. Be2 d6 6. O-O c5 7. c4 Ne4 8. Nc3 Nxc3 9. bxc3 b6 10. Nd2 Bb7 11. Bf3 Qc7 12. a4 Nc6 13. Nb3 e5 14. Bg3 Rad8 15. Bxc6 Bxc6 16. d5 Bd7 17. a5 b5 18. cxb5 Bxb5 19. Re1 Bc4 20. e4 Rb8 21. Nd2 Ba6 22. c4 Rb4 23. Ra4 Rfb8 24. f4 exf4 25. Bxf4 Bd4+ 26. Kh1 Qd7 27. Nf3 Qxa4 28. Nxd4 Qxd1 29. Rxd1 cxd4 30. Bxd6 Rb1 0-1


[Site "https://www.chess.com"]

[Event "Titled Tuesday Blitz March 08 Early 2022"]
[White "Samadov, Read"]
[Black "Rodchenkov, Sergey D."]
[WhiteFideId "13417444"]
[BlackFideId "4168712"]
[WhiteElo "2084"]
[BlackElo "2306"]
[Result "1-0"]
[Round "05"]
[TimeControl "180+1"]
[Date "2022.03.09"]
[WhiteClock "0:00:59"]
[BlackClock "0:00:01"]

1. d4 d5 2. c4 dxc4 3. e3 Nf6 4. Bxc4 e6 5. Nf3 c5 6. O-O a6 7. a4 Nc6 8. Qe2 Qc7 9. Rd1 Be7 10. dxc5 Bxc5 11. b3 O-O 12. Bb2 Be7 13. Nbd2 Bd7 14. Rac1 Rfd8 15. Bd3 Qb8 16. Ne4 Nxe4 17. Bxe4 Be8 18. h4 h6 19. h5 Qc7 20. Bb1 Qb6 21. Qc2 f5 22. e4 Nb4 23. Qe2 f4 24. Ne5 Nc6 25. Qg4 Nxe5 26. Bxe5 Bg5 27. Rxd8 Rxd8 28. Bc7 Rc8 29. Bxb6 Rxc1+ 30. Kh2 Rxb1 31. Qxe6+ Bf7 32. Qc8+ Kh7 33. Qxb7 Bxh5 34. Bd4 Kg8 1-0


[Site "https://www.chess.com"]

[Event "Titled Tuesday Blitz March 08 Early 2022"]
[White "Samaganova, Aleksandra"]
[Black "Alves Campelo, Danilo Cesar De L"]
[WhiteFideId "13800221"]
[BlackFideId "2123657"]
[WhiteElo "1859"]
[BlackElo "1994"]
[Result "1-0"]
[Round "05"]
[TimeControl "180+1"]
[Date "2022.03.09"]
[WhiteClock "0:00:08"]
[BlackClock "0:00:16"]

1. c4 Nf6 2. Nc3 e5 3. Nf3 Nc6 4. a3 g6 5. b4 d6 6. e3 Bg7 7. b5 Na5 8. Be2 b6 9. O-O Be6 10. d3 O-O 11. Bb2 Re8 12. Ng5 Bd7 13. Bf3 Rb8 14. Qc2 h6 15. Nge4 Nxe4 16. Nxe4 f5 17. Nd2 Qg5 18. Bc3 Nb7 19. Bxb7 Rxb7 20. Nf3 Qh5 21. a4 g5 22. a5 g4 23. Nd2 f4 24. exf4 exf4 25. Bxg7 Kxg7 26. Qc3+ Kf7 27. Ne4 f3 28. Qf6+ Kg8 29. Qf4 Rf8 30. Nf6+ Rxf6 31. Qxf6 Rb8 32. Qf4 Rf8 33. Qg3 fxg2 34. Qxg2 Bc8 35. axb6 axb6 36. Ra8 Qg5 37. Re1 h5 38. Qd5+ Qxd5 39. cxd5 Kg7 40. Re7+ Kf6 41. Rxc7 Re8 42. Rcxc8 Re1+ 43. Kg2 Kf5 44. Rf8+ Kg5 45. Rg8+ Kf4 46. Raf8+ Ke5 47. Rg5+ Kd4 48. Rxh5 Kxd3 49. Rf4 1-0


[Site "https://www.chess.com"]

[Event "Titled Tuesday Blitz March 08 Early 2022"]
[White "Samant Aditya S"]
[Black "Khismatullin, Denis"]
[WhiteFideId "35080580"]
[BlackFideId "4142578"]
[WhiteElo "2665"]
[BlackElo "2880"]
[Result "0-1"]
[Round "05"]
[TimeControl "180+1"]
[Date "2022.03.08"]
[WhiteClock "0:00:09"]
[BlackClock "0:00:40"]

1. d4 Nf6 2. c4 e6 3. Nf3 a6 4. Nc3 d5 5. cxd5 exd5 6. Bf4 Be6 7. e3 Bd6 8. Bxd6 Qxd6 9. Bd3 Nbd7 10. O-O O-O 11. Rc1 c6 12. Qc2 Bg4 13. Nd2 Rae8 14. b4 Bh5 15. a4 Ng4 16. Nf3 Ngf6 17. Nd2 b5 18. Ne2 Bxe2 19. Bxe2 Qxb4 20. Ra1 Re6 21. Rfb1 Qd6 22. Nb3 Ne4 23. Bf3 Rh6 24. g3 f5 25. Bg2 g5 26. Rc1 f4 27. Bxe4 dxe4 28. Qxe4 fxg3 29. hxg3 Rxf2 30. Kxf2 Rh2+ 31. Qg2 Rxg2+ 32. Kxg2 Qd5+ 33. Kg1 Qxb3 34. Rxc6 Qxe3+ 0-1


[Site "https://www.chess.com"]

[Event "Titled Tuesday Blitz March 08 Early 2022"]
[White "Samunenkov, Ihor"]
[Black "Nozdrachev, Leonid"]
[WhiteFideId "14187086"]
[BlackFideId "24113433"]
[WhiteElo "2409"]
[BlackElo "2118"]
[Result "0-1"]
[Round "05"]
[TimeControl "180+1"]
[Date "2022.03.09"]
[WhiteClock "0:00:02"]
[BlackClock "0:00:46"]

1. e4 c5 2. Nf3 Qc7 3. c4 e5 4. Nc3 Nf6 5. d3 h6 6. Be2 d6 7. O-O Be7 8. a3 Nc6 9. b4 cxb4 10. axb4 Nxb4 11. Ba3 Nc6 12. Nd5 Qd8 13. Nxe7 Qxe7 14. d4 Nxe4 15. Bd3 Nc3 16. Qc2 exd4 17. Rfe1 Be6 18. Nxd4 Nxd4 19. Qxc3 Qf6 20. Bb2 Nc6 21. Qb3 Nd4 22. Qxb7 O-O 23. Qe4 Bf5 24. Qd5 Bxd3 25. Bxd4 Qg6 26. Rxa7 Rac8 27. Rd7 Rfe8 28. Rxe8+ Rxe8 29. h3 Be4 30. Rxd6 Qxg2# 0-1


[Site "https://www.chess.com"]

[Event "Titled Tuesday Blitz March 08 Early 2022"]
[White "Sanal, Vahap"]
[Black "Lazavik, Denis"]
[WhiteFideId "6300545"]
[BlackFideId "13515110"]
[WhiteElo "2892"]
[BlackElo "2994"]
[Result "1-0"]
[Round "05"]
[TimeControl "180+1"]
[Date "2022.03.08"]
[WhiteClock "0:00:06"]
[BlackClock "0:00:03"]

1. e4 e5 2. Nf3 Nc6 3. Bb5 a6 4. Ba4 Nf6 5. d3 d6 6. c3 g6 7. O-O Bg7 8. Re1 O-O 9. Bc2 Re8 10. h3 h6 11. Be3 d5 12. Nbd2 Be6 13. a4 d4 14. cxd4 exd4 15. Bf4 Nb4 16. Be5 c5 17. a5 Nh5 18. Bh2 Rc8 19. Ra3 Nf6 20. Ba4 Nd7 21. Nc4 Bxc4 22. dxc4 Nc6 23. Bxc6 Rxc6 24. Rb3 Qc8 25. Rd3 Rce6 26. Nd2 Qc6 27. Rf1 Nf6 28. f3 h5 29. Rb3 h4 30. Rb6 Qd7 31. Rxe6 Rxe6 32. Nb3 Qc6 33. Nc1 Bh6 34. Nd3 Be3+ 35. Kh1 Nh5 36. Qe1 g5 37. b4 cxb4 38. Qxb4 Bf4 39. Nxf4 Nxf4 40. Bxf4 gxf4 41. Rd1 Rd6 42. c5 Rd7 43. Rxd4 Rxd4 44. Qxd4 Qb5 45. Qd8+ Kg7 46. Qd4+ Kg8 47. Qc3 Qf1+ 48. Kh2 Qf2 49. Qc1 Qg3+ 50. Kg1 Qg5 51. Qc3 Qg3 52. Qd2 Qg5 53. Qd4 Qe7 54. Qd6 Qg5 55. Qb8+ Kg7 56. Qd6 Kg8 57. Qd5 Qg3 58. Kf1 Qg7 59. Qd8+ Kh7 60. Qxh4+ Kg8 61. Qd8+ Kh7 62. Kg1 Qc3 63. Qh4+ Kg7 64. Qg5+ Kf8 65. Qd8+ Kg7 66. Kh2 Qxc5 67. h4 Qc1 68. Qg5+ Kf8 69. Qd8+ Kg7 70. Qg5+ Kh7 71. h5 Qe1 72. Qf5+ Kg7 73. Qg5+ Kh7 74. Qxf4 Kg7 75. Qg5+ Kh7 76. h6 Qc3 77. e5 1-0


[Site "https://www.chess.com"]

[Event "Titled Tuesday Blitz March 08 Early 2022"]
[White "Sanchez Alvares, Kelvin Antonio"]
[Black "Omariev, Maksim"]
[WhiteFideId "3906680"]
[BlackFideId "4193423"]
[WhiteElo "2193"]
[BlackElo "2424"]
[Result "1-0"]
[Round "05"]
[TimeControl "180+1"]
[Date "2022.03.09"]
[WhiteClock "0:00:11"]
[BlackClock "0:00:01"]

1. e4 c5 2. Nf3 d6 3. d4 cxd4 4. Nxd4 Nf6 5. f3 e5 6. Nb3 a5 7. a4 Be6 8. Bb5+ Nc6 9. Nc3 Be7 10. Nd5 O-O 11. Be3 Bxd5 12. exd5 Nb4 13. c4 Nh5 14. O-O Bg5 15. Bf2 b6 16. Nd2 f5 17. g3 g6 18. Ra3 Kh8 19. Re1 Nf6 20. Nf1 Rb8 21. Ne3 f4 22. Nc2 fxg3 23. hxg3 Nxc2 24. Qxc2 Nh5 25. Kg2 Rf6 26. f4 exf4 27. Re8+ Qxe8 28. Bxe8 Rxe8 29. Bd4 fxg3 30. Rf3 Kg7 31. Qc3 Rf8 32. Qb3 Rf7 33. Bxf6+ Bxf6 34. Qxb6 g5 35. Qxd6 Nf4+ 36. Rxf4 gxf4 37. Qxf4 h5 38. Qxg3+ Kh6 39. Qe3+ Bg5 40. Qe6+ Rf6 41. Qe8 h4 42. d6 Kg7 43. d7 Rf8 44. Qe5+ Bf6 45. Qd6 Kf7 46. c5 Be7 47. Qd5+ Kf6 48. c6 Bd8 49. Qd6+ Kf7 50. c7 Rg8+ 51. Kf1 Bxc7 52. Qxc7 1-0


[Site "https://www.chess.com"]

[Event "Titled Tuesday Blitz March 08 Early 2022"]
[White "Sanchez, Robert"]
[Black "Aaditya Dhingra"]
[WhiteFideId "2034360"]
[BlackFideId "25678191"]
[WhiteElo "2251"]
[BlackElo "1849"]
[Result "1/2-1/2"]
[Round "05"]
[TimeControl "180+1"]
[Date "2022.03.09"]
[WhiteClock "0:01:11"]
[BlackClock "0:00:18"]

1. e4 e5 2. Nf3 Nc6 3. Bb5 a6 4. Ba4 Nf6 5. d3 b5 6. Bb3 Bc5 7. Nc3 d6 8. h3 h6 9. a3 Ne7 10. Bd2 c6 11. Qe2 Ng6 12. g4 Qe7 13. g5 Nh5 14. gxh6 Nhf4 15. Bxf4 Nxf4 16. hxg7 Rg8 17. Qf1 Rxg7 18. O-O-O a5 19. d4 exd4 20. Nxd4 Bxd4 21. Rxd4 Qe5 22. Rd1 a4 23. Ba2 b4 24. axb4 a3 25. Qc4 axb2+ 26. Kb1 Kd7 27. b5 Bb7 28. Rhg1 Rag8 29. Rxg7 Rxg7 30. bxc6+ Bxc6 31. Nd5 Bxd5 32. exd5 Ne2 33. Qc6+ Ke7 34. Qc7+ Kf6 35. Qd8+ Kg6 36. Rd3 Kh7 37. Qh4+ Kg8 38. Qd8+ Kh7 39. Qh4+ Kg8 40. Qd8+ Kh7 1/2-1/2


[Site "https://www.chess.com"]

[Event "Titled Tuesday Blitz March 08 Early 2022"]
[White "Saravana, Krishnan P."]
[Black "Ismayil, Malak"]
[WhiteFideId "5018382"]
[BlackFideId "13412604"]
[WhiteElo "2210"]
[BlackElo "1879"]
[Result "0-1"]
[Round "05"]
[TimeControl "180+1"]
[Date "2022.03.09"]
[WhiteClock "0:00:12"]
[BlackClock "0:00:03"]

1. d4 Nf6 2. c4 e6 3. Nf3 Bb4+ 4. Nc3 O-O 5. Bg5 h6 6. Bxf6 Qxf6 7. Qb3 Bxc3+ 8. Qxc3 d6 9. g3 Nc6 10. Bg2 e5 11. d5 Nb8 12. O-O Bg4 13. c5 Nd7 14. b4 e4 15. Nd4 Qe5 16. Qc4 Nf6 17. c6 b6 18. f3 exf3 19. exf3 Qe3+ 20. Kh1 Bh5 21. Rae1 Qg5 22. f4 Qg6 23. Re7 Rac8 24. Rfe1 Rfe8 25. Rxe8+ Rxe8 26. Rxe8+ Nxe8 27. Qc1 Qd3 28. Qg1 Qd2 29. Nf5 Bg4 30. Ne3 Be2 31. h3 Qxb4 32. Kh2 Nf6 33. Nf5 Bd3 34. Ne7+ Kf8 35. Nc8 a6 36. Qe3 Be4 37. Nxb6 Bxg2 38. Nd7+ Kg8 39. Nxf6+ gxf6 40. Kxg2 Qb2+ 41. Kf3 Qxa2 42. Qe8+ Kg7 43. Qe4 Qb3+ 44. Kg4 a5 45. Qf5 Qd1+ 46. Kh4 a4 47. Qd7 Qxd5 48. Qxc7 a3 49. Qd7 a2 50. Qa7 Qxc6 51. Qxa2 Qc5 52. Qe2 d5 53. Qg4+ Kf8 54. Qf5 Ke7 55. Qh7 Qd4 56. Qxh6 Qe4 57. Qh8 d4 58. Qa8 Qxa8 59. g4 Qe4 60. g5 Qxf4+ 61. Kh5 Qxg5# 0-1


[Site "https://www.chess.com"]

[Event "Titled Tuesday Blitz March 08 Early 2022"]
[White "Sarkar, Justin"]
[Black "Tasev, Dejan"]
[WhiteFideId "2010011"]
[BlackFideId "936618"]
[WhiteElo "2038"]
[BlackElo "2253"]
[Result "0-1"]
[Round "05"]
[TimeControl "180+1"]
[Date "2022.03.09"]
[WhiteClock "0:00:01"]
[BlackClock "0:02:22"]

1. e4 c6 2. Nf3 d5 3. Nc3 Bg4 4. h3 Bxf3 5. Qxf3 e6 6. d4 Nf6 7. Bd3 dxe4 8. Nxe4 Qxd4 9. Nxf6+ Qxf6 10. Qxf6 gxf6 11. O-O Nd7 12. c3 O-O-O 13. Be2 Rg8 14. b4 Bd6 15. Be3 Bb8 16. Kh1 Nb6 17. c4 Nd7 18. a4 c5 19. b5 Be5 20. Ra2 Bd4 21. Bd2 f5 22. a5 Nf6 23. a6 b6 24. Bf4 e5 25. Bh2 f4 0-1


[Site "https://www.chess.com"]

[Event "Titled Tuesday Blitz March 08 Early 2022"]
[White "Seemann, Jakub"]
[Black "Aradhya, Garg"]
[WhiteFideId "21874697"]
[BlackFideId "25006746"]
[WhiteElo "2003"]
[BlackElo "2169"]
[Result "0-1"]
[Round "05"]
[TimeControl "180+1"]
[Date "2022.03.09"]
[WhiteClock "0:00:02"]
[BlackClock "0:01:01"]

1. d4 d5 2. c4 e6 3. Nf3 Nf6 4. g3 dxc4 5. Bg2 a6 6. O-O Nc6 7. e3 Rb8 8. Qe2 b5 9. b3 Bd6 10. bxc4 bxc4 11. Qxc4 Bb7 12. Nc3 O-O 13. Rd1 Nb4 14. a3 Nbd5 15. Na4 Qd7 16. Nc5 Qb5 17. Qxb5 axb5 18. Nxb7 Rxb7 19. Bb2 Ra7 20. Ne1 Nb6 21. Bf1 Nc4 22. Bxc4 bxc4 23. Nc2 Rb8 24. Bc3 Nd5 25. Bb4 Bxb4 26. axb4 Rba8 27. b5 Nc3 28. Rxa7 Rxa7 29. Ra1 Rxa1+ 30. Nxa1 Kf8 31. Nc2 Nxb5 32. Kf1 Ke7 33. Ke2 Kd6 34. Kd2 c5 35. dxc5+ Kxc5 36. Kc1 Nc3 37. Kd2 Ne4+ 38. Ke2 e5 39. f3 Nc3+ 40. Kd2 Nd5 41. Ke2 Kb5 42. Kd2 Ka4 43. e4 Nb4 44. Ne3 Kb3 45. Nd1 Na2 46. Ne3 c3+ 47. Kd1 Nb4 48. Kc1 h5 49. h4 g6 50. g4 Nd3+ 51. Kd1 hxg4 52. fxg4 Nf2+ 53. Ke2 Nxg4 54. Nxg4 c2 0-1


[Site "https://www.chess.com"]

[Event "Titled Tuesday Blitz March 08 Early 2022"]
[White "Seo, Jung Min"]
[Black "Fedoseev, Vladimir"]
[WhiteFideId "1734687"]
[BlackFideId "24130737"]
[WhiteElo "2401"]
[BlackElo "2726"]
[Result "0-1"]
[Round "05"]
[TimeControl "180+1"]
[Date "2022.03.08"]
[WhiteClock "0:02:09"]
[BlackClock "0:01:36"]

1. e4 c5 2. Nf3 d6 3. d4 cxd4 4. Nxd4 Nf6 5. Nc3 a6 6. Be2 e5 7. Nb3 Be7 8. O-O O-O 9. f4 Nc6 10. Bf3 a5 11. a4 Qb6+ 12. Kh1 Nb4 13. Nb5 Be6 14. c3 Na6 15. Re1 Rad8 16. Be3 Nc5 17. Nxc5 dxc5 18. Qc2 exf4 19. Bxf4 Rd7 20. Rad1 Rfd8 21. h3 h6 22. b3 c4 23. Rxd7 Rxd7 24. bxc4 Bxc4 25. Be2 Qf2 0-1


[Site "https://www.chess.com"]

[Event "Titled Tuesday Blitz March 08 Early 2022"]
[White "Shahaliyev, Ismayil"]
[Black "Van Foreest, Jorden"]
[WhiteFideId "13406388"]
[BlackFideId "1039784"]
[WhiteElo "2105"]
[BlackElo "2609"]
[Result "0-1"]
[Round "05"]
[TimeControl "180+1"]
[Date "2022.03.08"]
[WhiteClock "0:00:04"]
[BlackClock "0:00:11"]

1. d4 e6 2. g3 Nf6 3. Bg2 Bb4+ 4. c3 Ba5 5. e4 d5 6. e5 Nfd7 7. Ne2 c5 8. O-O b6 9. a3 c4 10. f4 g6 11. Nd2 Nc6 12. f5 gxf5 13. g4 fxg4 14. Ng3 h5 15. Nxc4 dxc4 16. Bxc6 Rb8 17. Ne4 Kf8 18. Bg5 Qc7 19. Nd6 f5 20. Nxf5 exf5 21. Rxf5+ Kg7 22. d5 b5 23. e6 Bb6+ 24. Kh1 Rf8 25. Qc2 Bb7 26. Bxd7 Qc5 27. Rd1 Bxd5+ 28. Rfxd5 Qxd5+ 29. Rxd5 Rf1+ 30. Kg2 Rg1# 0-1


[Site "https://www.chess.com"]

[Event "Titled Tuesday Blitz March 08 Early 2022"]
[White "Shkapenko, Pavel"]
[Black "Musovic, Armin"]
[WhiteFideId "4151933"]
[BlackFideId "939935"]
[WhiteElo "2386"]
[BlackElo "2283"]
[Result "1/2-1/2"]
[Round "05"]
[TimeControl "180+1"]
[Date "2022.03.09"]
[WhiteClock "0:00:21"]
[BlackClock "0:00:13"]

1. e4 c6 2. d4 d5 3. e5 c5 4. dxc5 e6 5. a3 Bxc5 6. b4 Bb6 7. Qg4 Kf8 8. Nf3 Nd7 9. Bd3 Ne7 10. O-O Ng6 11. Qg3 Kg8 12. Bb2 Ndf8 13. Nbd2 Bd7 14. c4 Rc8 15. c5 Bc7 16. h4 h5 17. Rfe1 f5 18. Qg5 Qxg5 19. hxg5 h4 20. Bf1 Nf4 21. Kh2 Rh5 22. Nb3 Bd8 23. Bc1 N8g6 24. Nbd4 Bxg5 25. Nxg5 Rxg5 26. a4 Rg4 27. f3 Rg3 28. Be3 Nh5 29. Nb5 h3 30. gxh3 Nh4 31. Nd4 Rxf3 32. Bg5 Rf2+ 33. Kg1 Nf3+ 34. Kxf2 Nxg5 35. Bb5 Bc6 36. Bxc6 bxc6 37. h4 Ne4+ 38. Kf3 Kf7 39. Rec1 g5 40. hxg5 Nxg5+ 41. Ke3 f4+ 42. Kd3 Ne4 43. Rc2 Nhg3 44. Rh2 a5 45. Rh4 axb4 46. Rxf4+ Ke7 47. Rc1 Nf5 48. Nxf5+ exf5 49. Rxf5 Ke6 50. Rh5 Ra8 51. Rh6+ Kxe5 52. Rxc6 Rxa4 53. Rb6 Ra3+ 54. Ke2 Rc3 55. Rb1 Rc2+ 56. Kd3 Rc3+ 57. Ke2 Rc2+ 58. Kd3 Rc3+ 59. Ke2 1/2-1/2


[Site "https://www.chess.com"]

[Event "Titled Tuesday Blitz March 08 Early 2022"]
[White "Shukhman, Anna"]
[Black "Taboas Rodriguez, Daniel"]
[WhiteFideId "54180058"]
[BlackFideId "2208466"]
[WhiteElo "1665"]
[BlackElo "2429"]
[Result "0-1"]
[Round "05"]
[TimeControl "180+1"]
[Date "2022.03.09"]
[WhiteClock "0:00:04"]
[BlackClock "0:01:02"]

1. e4 e6 2. d4 d5 3. Nc3 Nc6 4. Nf3 Nf6 5. e5 Ne4 6. Bd3 Bb4 7. O-O Nxc3 8. bxc3 Bxc3 9. Rb1 h6 10. Rb3 Bb4 11. c3 Be7 12. Bc2 b6 13. Ne1 Ba6 14. Bd3 Bxd3 15. Qxd3 Na5 16. Rb1 Nc4 17. f4 g6 18. Nc2 h5 19. Ne3 Nxe3 20. Bxe3 Qd7 21. Qc2 Qc6 22. h3 Qc4 23. Rb3 c5 24. dxc5 Bxc5 25. Bxc5 Qxc5+ 26. Kh1 Rc8 27. Qd3 O-O 28. g4 hxg4 29. hxg4 Qc4 30. Qf3 d4 31. cxd4 Qxd4 32. Rd3 Qc5 33. Re1 Rfd8 34. f5 Rxd3 35. Qxd3 Qf2 36. Qe2 Qxe2 37. Rxe2 gxf5 38. gxf5 exf5 39. Kg2 Rc4 40. Kf3 Kf8 41. e6 fxe6 42. Rxe6 Kf7 43. Re2 Ra4 44. Rd2 Kf6 45. Re2 Kg5 46. Rg2+ Kf6 47. Re2 b5 48. Rc2 a5 49. Rc6+ Kg5 50. Rc5 Ra3+ 51. Ke2 Rxa2+ 52. Kd3 b4 53. Re5 b3 54. Kc3 a4 55. Re3 f4 56. Re5+ Kg4 57. Re8 f3 58. Rg8+ Kf5 59. Rf8+ Ke4 60. Re8+ Kd5 61. Rd8+ Kc6 62. Rc8+ Kd7 63. Rf8 f2 64. Rf5 Rc2+ 65. Kd3 a3 66. Rf7+ Ke6 67. Rf3 a2 68. Ke4 a1=Q 69. Rxb3 f1=Q 70. Rb6+ Kd7 71. Rb7+ Kc6 0-1


[Site "https://www.chess.com"]

[Event "Titled Tuesday Blitz March 08 Early 2022"]
[White "Shyaamnikhil P"]
[Black "Zierk, Steven"]
[WhiteFideId "5024218"]
[BlackFideId "2034255"]
[WhiteElo "2329"]
[BlackElo "2494"]
[Result "0-1"]
[Round "05"]
[TimeControl "180+1"]
[Date "2022.03.08"]
[WhiteClock "0:00:10"]
[BlackClock "0:00:20"]

1. e4 e6 2. d4 d5 3. Nc3 Bb4 4. Ne2 dxe4 5. a3 Be7 6. Nxe4 Nf6 7. Nxf6+ Bxf6 8. Be3 c5 9. Qd2 Nc6 10. O-O-O cxd4 11. Nxd4 Nxd4 12. Bxd4 Qxd4 13. Qxd4 Bxd4 14. Rxd4 Bd7 15. f4 O-O-O 16. Bd3 Bc6 17. Rxd8+ Rxd8 18. Rg1 h6 19. g3 g5 20. Rf1 f5 21. Re1 Kd7 22. Bc4 Re8 23. Re5 Kd6 24. Kd2 gxf4 25. gxf4 Bd7 26. Re2 Rg8 27. Ke3 Bc6 28. Rd2+ Ke7 29. Rf2 Kf6 30. c3 h5 31. b4 h4 32. Bf1 Be4 33. c4 b6 34. Bd3 Bc6 35. b5 Bb7 36. a4 Rg1 37. a5 bxa5 38. Ra2 Re1+ 39. Kd4 Be4 40. Bxe4 Rxe4+ 41. Kd3 Rxf4 42. Rxa5 Rf3+ 43. Kd4 e5+ 44. Kd5 Rd3+ 45. Kc5 Rd7 46. Kc6 Re7 47. b6 Re6+ 48. Kd5 axb6 49. Ra8 e4 50. Rf8+ Ke7 51. Rxf5 e3 52. Rf1 e2 53. Re1 Kf6 54. Kd4 Kf5 55. Kd3 Kg4 56. Rxe2 Rxe2 57. Kxe2 Kh3 58. Kf3 Kxh2 59. Kf2 h3 0-1


[Site "https://www.chess.com"]

[Event "Titled Tuesday Blitz March 08 Early 2022"]
[White "Silva, Miguel Antonio Neto"]
[Black "Lou, Yiping"]
[WhiteFideId "1911929"]
[BlackFideId "8603928"]
[WhiteElo "2204"]
[BlackElo "2412"]
[Result "0-1"]
[Round "05"]
[TimeControl "180+1"]
[Date "2022.03.08"]
[WhiteClock "0:00:54"]
[BlackClock "0:00:44"]

1. e4 e5 2. Nf3 Nc6 3. Bc4 Nf6 4. d3 Bc5 5. c3 O-O 6. O-O d6 7. a4 a5 8. Re1 h6 9. h3 Be6 10. Bxe6 fxe6 11. d4 Bb6 12. Na3 exd4 13. cxd4 d5 14. e5 Ne4 15. Be3 Nb4 16. Rc1 c6 17. Nc2 Qe8 18. Nxb4 axb4 19. Ra1 Qg6 20. Nd2 Nxf2 21. Bxf2 Rxf2 22. Kxf2 Bxd4+ 23. Kf1 Rf8+ 24. Nf3 Bxb2 25. Ra2 Bc3 26. Ree2 c5 27. Rac2 d4 28. Rf2 d3 29. Rc1 c4 30. a5 Qe4 31. Kg1 Bd4 32. Qf1 c3 33. Re1 Rxf3 34. Rxe4 Rxf2 35. Qxf2 Bxf2+ 36. Kxf2 c2 37. Rc4 d2 0-1


[Site "https://www.chess.com"]

[Event "Titled Tuesday Blitz March 08 Early 2022"]
[White "Sinitsina, Anastassia"]
[Black "Sahin, Handenur"]
[WhiteFideId "4504640"]
[BlackFideId "6334865"]
[WhiteElo "2144"]
[BlackElo "2159"]
[Result "1-0"]
[Round "05"]
[TimeControl "180+1"]
[Date "2022.03.09"]
[WhiteClock "0:01:15"]
[BlackClock "0:01:11"]

1. Nf3 d5 2. g3 Bg4 3. Bg2 Nd7 4. d4 Ngf6 5. O-O e6 6. Nbd2 Bd6 7. Re1 O-O 8. e4 dxe4 9. Nxe4 Nxe4 10. Rxe4 Nf6 11. Re1 c6 12. c3 h6 13. Qb3 Qb6 14. Ne5 Bf5 15. Bf4 Rfd8 16. h3 Nd5 17. Bd2 Qc7 18. Nc4 Bf8 19. Ne3 Bg6 20. Nxd5 cxd5 21. Bf4 Bd6 22. Bd2 a6 23. a4 Rab8 24. Qa2 b5 25. axb5 axb5 26. Qa7 Rb7 27. Qa5 Qd7 28. Qa2 b4 29. c4 b3 30. Qa5 Bc7 31. Qc3 Bb8 32. c5 Bd3 33. Qxd3 1-0


[Site "https://www.chess.com"]

[Event "Titled Tuesday Blitz March 08 Early 2022"]
[White "Siva Mahadevan"]
[Black "Fiorito, Fabian"]
[WhiteFideId "25043153"]
[BlackFideId "100200"]
[WhiteElo "2203"]
[BlackElo "2395"]
[Result "1-0"]
[Round "05"]
[TimeControl "180+1"]
[Date "2022.03.09"]
[WhiteClock "0:00:25"]
[BlackClock "0:00:16"]

1. e4 c6 2. d4 d5 3. e5 Bf5 4. c4 dxc4 5. Nc3 e6 6. Bxc4 Nd7 7. Nge2 Nb6 8. Bb3 Ne7 9. Ng3 Bg6 10. O-O Nf5 11. Nxf5 Bxf5 12. Be3 Be7 13. Rc1 O-O 14. g4 Bg6 15. f4 h6 16. f5 exf5 17. gxf5 Bg5 18. Qd2 Bh7 19. Kh1 Kh8 20. Rf3 c5 21. d5 c4 22. Bc2 Bxe3 23. Qxe3 Nxd5 24. Qe4 Nxc3 25. bxc3 Re8 26. Rg1 Qc7 27. Rxg7 Rxe5 28. Rxf7 Rxe4 29. Rxc7 Re1+ 30. Kg2 Re2+ 31. Rf2 Rg8+ 32. Kf1 Rxf2+ 33. Kxf2 Rf8 34. Rc5 b6 35. Re5 Kg7 36. Ke3 Kf6 37. Kf4 Bg8 38. Re2 Rd8 39. Be4 Bf7 40. a4 Rd1 41. a5 b5 42. a6 Ra1 43. Rb2 Rxa6 44. Rxb5 Ra3 45. Rb7 Rxc3 46. Rxa7 Rh3 47. Ra6+ Ke7 48. f6+ Kd8 49. Ra8+ Kd7 50. Bf5+ Kc7 51. Bxh3 c3 52. Rc8+ 1-0


[Site "https://www.chess.com"]